 Dungeon Crawl Stone Soup version 0.19.1-1-g22dce08 (webtiles) character file.

7594 empire the Fighter (level 10, -19/92 HPs)
             Began as a Pale Draconian Wanderer on Jan 11, 2017.
             Was a Follower of Sif Muna.
             Demolished by Snorg (23 damage)
             ... on level 10 of the Dungeon on Jan 12, 2017.
             The game lasted 00:34:10 (9708 turns).

empire the Fighter (Pale Draconian Wanderer)        Turns: 9708, Time: 00:34:11

Health: -19/92     AC: 10    Str: 20    XL:     10   Next: 97%
Magic:  13/13      EV: 13    Int: 15    God:    Sif Muna [*.....]
Gold:   141        SH: 12    Dex: 11    Spells: 2 memorised, 8 levels left

rFire  + . .     SeeInvis .     a - +2 hand axe
rCold  x . .     Gourm    .     (armour unavailable)
rNeg   . . .     Faith    .     Z - +2 shield
rPois  .         Spirit   .     Y - +1 hat
rElec  .         Reflect  .     (no cloak)
rCorr  .         Harm     .     X - +0 pair of gloves
MR     .....                    O - +0 pair of boots
Stlth  +.........               v - amulet of regeneration
                                (no ring)
                                q - ring of fire

@: mighty
A: breathe steam, unfitting armour, cold-blooded, AC +7
a: Breathe Steam, Divine Energy, Renounce Religion


You were on level 10 of the Dungeon.
You worshipped Sif Muna.
Sif Muna was aware of your devotion.
You were not hungry.

You visited 2 branches of the dungeon, and saw 11 of its levels.
You also visited: Sewer.

You collected 589 gold pieces.
You spent 448 gold pieces at shops.

Inventory:

Hand Weapons
 a - a +2 hand axe (weapon)
 l - a +0 shortbow
 t - a +0 war axe
 u - a +1 spear of venom
 y - a cursed +4 war axe
 B - a +3 trident of freezing
 M - a +0 dire flail
 R - a +3 dagger
Missiles
 h - 225 arrows
 x - 106 bolts
 I - 6 curare-tipped needles
 T - 21 poisoned needles (quivered)
Armour
 n - the cursed +0 scale mail "Lymearau" {MR+ Str+4, unknown}
   (You found it on level 8 of the Dungeon)

   It affects your strength (+4).
   It affects your resistance to hostile enchantments.
   It has a curse placed upon it.
 O - a +0 pair of boots (worn)
 X - a +0 pair of gloves (worn)
 Y - a +1 hat (worn)
 Z - a +2 shield (worn)
Magical Staves
 b - an uncursed staff of death {unknown}
Jewellery
 c - an uncursed ring of flight
 q - a ring of fire (left hand)
 v - an amulet of regeneration (around neck)
 C - an uncursed ring of poison resistance {unknown}
Wands
 D - a wand of heal wounds (2/9)
 E - a wand of confusion (1/48)
 F - a wand of confusion (21/48)
 Q - a wand of acid (8/15)
Scrolls
 e - a scroll of magic mapping
 j - 10 scrolls of remove curse
 s - 2 scrolls of teleportation
 H - a scroll of blinking
 J - a scroll of amnesia
 S - a scroll of fear
Potions
 f - a potion of ambrosia
 g - 5 potions of curing
 k - 6 potions of flight
 m - a potion of might
 o - a potion of invisibility {unknown}
 r - a potion of cancellation {unknown}
 w - 2 potions of heal wounds
 z - 3 potions of brilliance
 G - a potion of magic {unknown}
 L - a potion of agility {unknown}
Books
 A - a book of Changes

   Spells                             Type                      Level
   a - Beastly Appendage              Transmutation                1
   b - Sticks to Snakes               Transmutation                2
   c - Spider Form                    Transmutation/Poison         3
   d - Ice Form                       Ice/Transmutation            4
   e - Blade Hands                    Transmutation                5
Comestibles
 d - 9 bread rations
 i - 2 beef jerkies
 p - 10 fruits
 K - a slice of pizza
 N - 6 chunks of flesh
 P - 5 meat rations


   Skills:
 + Level 9.7 Fighting
 + Level 7.5 Axes
 - Level 1.0 Staves
 - Level 1.0 Throwing
 + Level 6.0 Dodging
 - Level 1.0 Stealth
 + Level 7.2 Shields
 - Level 2.0 Spellcasting
 + Level 1.1 Conjurations
 - Level 5.4 Transmutations
 + Level 4.8 Invocations
 + Level 4.8 Evocations


You had 8 spell levels left.
You knew the following spells:

 Your Spells              Type           Power        Failure   Level  Hunger
a - Beastly Appendage     Tmut           ###...       10%         1    #......
b - Sticky Flame          Conj/Fire      #.......     100%        4    #####..


Dungeon Overview and Level Annotations

Branches:
Dungeon (10/15)            Temple (1/1) D:7            Lair (0/6) D:8
    Orc: D:9-12

Altars:
Ashenzari
Cheibriados
Dithmenos
Elyvilon
Fedhas
Gozag
Hepliaklqana
Kikubaaqudgha
Makhleb
Nemelex Xobeh
Okawaru
Qazlal
Ru
Sif Muna
Trog
Uskayaw
Vehumet
Xom
Yredelemnul
Zin
The Shining One
Lugonu

Shops:
D:8 %

Annotations:
D:3 Sigmund
D:5 Menkaure
D:10 Snorg


Innate Abilities, Weirdness & Mutations

You can breathe blasts of scalding, opaque steam.
Your pale cyan-grey scales are hard. (AC +7)
You cannot fit into any form of body armour.
You are cold-blooded and may be slowed by cold attacks.


Message History

You slash Snorg!
Snorg is lightly wounded.
Snorg bites you. Snorg claws you but does no damage.
Snorg completely misses you.
You closely miss Snorg.
Snorg is lightly wounded.
Snorg bites you! Snorg claws you!
* * * LOW HITPOINT WARNING * * *
You block Snorg's attack. Snorg bites you!!
* * * LOW HITPOINT WARNING * * *
You block Snorg's attack. x2
Evoke which item? (* to show all) (? for menu, Esc to quit)
Zapping:
E - a wand of confusion (will waste charges)
Press: ? - help, Shift-Dir - straight line, f - Snorg
Aim: Snorg (lightly wounded, berserk, fast, unusually strong, chance to defeat MR: 23%) Snorg resists with almost no effort.
Evoking this partially-identified wand wasted a few charges.
Snorg bites you but does no damage. You block Snorg's attack. x2
Snorg bites you!!
You die...

# . . . .
#########+########
...#.#..........@T....#
.....#####'#########..#
..................#
..................#
##..#......###....#
#......#..###....#
.................#
####...########+ #.#.#


You could see Snorg (berserk).

Vanquished Creatures
  A centaur warrior (D:9)
  A hill giant (D:8)
  An elephant (D:8)
  Joseph (D:8)
  The ghost of Al3s the Magician, a novice HEFE (D:5)
  The ghost of Alarkh the Chopper, an amateur DsMo (D:4)
  Prince Ribbit (D:8)
  3 hippogriffs
  A spriggan (D:9)
  4 yaks
  A water moccasin (D:5)
  2 ice beasts
  Duvessa (D:4)
  A sky beast (D:8)
  2 orc warriors
  4 phantoms
  7 ogres
  2 centaurs
  A crocodile (D:9)
  3 big kobolds
  2 bullfrogs
  A gnoll sergeant (D:9)
  Dowan (D:4)
  A water moccasin zombie (D:5)
  2 scorpions (D:7)
  4 wights (D:9)
  3 crimson imps
  A howler monkey (D:9)
  A jelly (D:7)
  A quasit (D:9)
  A bullfrog skeleton (D:10)
  2 hounds
  3 orc priests
  3 iguanas (D:8)
  A gnoll shaman (D:7)
  11 orc wizards
  5 worker ants
  A hound zombie (D:6)
  3 hound skeletons
  13 gnolls
  A howler monkey skeleton (D:6)
  12 adders
  2 shadow imps
  An adder zombie (D:9)
  4 adder skeletons
  3 worms
  A dart slug (D:3)
  11 leopard geckos
  29 orcs
  5 ball pythons
  10 bats
  11 giant cockroaches
  5 goblins
  9 hobgoblins
  4 jackals (D:4)
  21 kobolds
  6 quokkas
  4 frilled lizards
  A leopard gecko skeleton (D:4)
  A leopard gecko zombie (D:6)
  2 quokka skeletons
  A quokka zombie (D:6)
  9 rats
  2 demonic plants (Temple)
254 creatures vanquished.

Notes
Turn   | Place    | Note
-------+----------+-------------------------------------------
     0 | D:1      | empire the Draconian Wanderer began the quest for the Orb.
     0 | D:1      | empire set off with: a +2 hand axe, a scroll of teleportation, a +0 quarterstaff, a bread ration
     0 | D:1      | Reached XP level 1. HP: 23/23 MP: 1/1
   142 | D:1      | Reached XP level 2. HP: 25/30 MP: 2/2
   964 | D:2      | Reached XP level 3. HP: 35/37 MP: 3/3
  1010 | D:2      | Reached skill level 1 in Shields
  1057 | D:2      | Reached skill level 6 in Fighting
  1088 | D:2      | HP: 1/37 [worm (5)]
  1120 | D:2      | HP: 1/37 [worm (3)]
  1128 | D:2      | HP: 1/37 [leopard gecko (1)]
  1328 | D:2      | Reached XP level 4. HP: 34/44 MP: 4/4
  1487 | D:2      | Found a bloodstained altar of Trog.
  1709 | D:2      | Found a sacrificial altar of Ru.
  1791 | D:2      | Found a blossoming altar of Fedhas.
  2216 | D:3      | Found a radiant altar of Vehumet.
  2229 | D:3      | Reached XP level 5. HP: 51/51 MP: 5/5
  2398 | D:3      | Found a snail-covered altar of Cheibriados.
  2486 | D:3      | Found a glowing drain.
  2516 | Sewer    | Entered a sewer
  2572 | Sewer    | Reached skill level 1 in Dodging
  2574 | Sewer    | Reached XP level 6. HP: 55/58 MP: 6/6
  2948 | D:3      | Noticed Sigmund
  2963 | D:4      | Noticed Duvessa
  2963 | D:4      | Noticed Dowan
  2977 | D:4      | Killed Duvessa
  2998 | D:4      | Killed Dowan
  3084 | D:5      | Entered Level 5 of the Dungeon
  3084 | D:5      | Noticed Prince Ribbit
  3319 | D:4      | Reached skill level 7 in Fighting
  3341 | D:4      | Noticed Alarkh's ghost (amateur DsMo)
  3357 | D:4      | Your scales start taking on a pale cyan-grey colour.
  3357 | D:4      | Reached XP level 7. HP: 53/66 MP: 7/7
  3360 | D:4      | Killed Alarkh's ghost
  3360 | D:4      | Reached skill level 1 in Spellcasting
  3402 | D:4      | Found a glowing silver altar of Zin.
  3515 | D:4      | Found an opulent altar of Gozag.
  3549 | D:4      | Found a shadowy altar of Dithmenos.
  3887 | D:4      | Found a burning altar of Makhleb.
  3887 | D:4      | Found a sparkling altar of Nemelex Xobeh.
  3892 | D:4      | Found an ancient bone altar of Kikubaaqudgha.
  3892 | D:4      | You fall through a shaft!
  3926 | D:5      | Reached skill level 5 in Axes
  3926 | D:5      | Reached XP level 8. HP: 41/73 MP: 9/11
  3929 | D:5      | Learned a level 1 spell: Beastly Appendage
  4177 | D:5      | Noticed Al3s's ghost (novice HEFE)
  4189 | D:5      | Killed Al3s's ghost
  4189 | D:5      | Reached skill level 1 in Transmutations
  4272 | D:5      | Noticed Menkaure
  4671 | D:6      | Reached skill level 8 in Fighting
  4815 | D:6      | Reached skill level 5 in Shields
  5124 | D:5      | Found a deep blue altar of Sif Muna.
  5141 | D:5      | Became a worshipper of Sif Muna the Loreminder
  5643 | D:7      | Noticed a hippogriff
  5653 | D:7      | Killed a hippogriff
  5653 | D:7      | Reached XP level 9. HP: 67/82 MP: 12/12
  5669 | D:7      | Learned a level 4 spell: Sticky Flame
  5699 | D:7      | Found a staircase to the Ecumenical Temple.
  5705 | Temple   | Entered the Ecumenical Temple
  5845 | D:7      | Reached skill level 1 in Invocations
  5845 | D:7      | Reached skill level 1 in Evocations
  6669 | D:8      | Noticed Joseph
  6705 | D:8      | Killed Joseph
  6852 | D:8      | Reached skill level 5 in Dodging
  6922 | D:8      | Noticed a hill giant
  6932 | D:8      | Killed a hill giant
  6932 | D:8      | Reached skill level 9 in Fighting
  6932 | D:8      | Reached XP level 10. HP: 79/91 MP: 11/13
  6964 | D:8      | Got a fine scale mail
  7199 | D:8      | Reached * piety under Sif Muna
  7320 | D:8      | Noticed an elephant
  7343 | D:8      | Killed an elephant
  7351 | D:8      | Killed Prince Ribbit
  7363 | D:8      | Found a staircase to the Lair.
  7541 | D:8      | Found Xuiw Camnopt's Food Shoppe.
  7576 | D:8      | Bought a bread ration for 70 gold pieces
  7576 | D:8      | Bought a slice of pizza for 21 gold pieces
  7576 | D:8      | Bought a meat ration for 70 gold pieces
  7576 | D:8      | Bought a meat ration for 70 gold pieces
  7576 | D:8      | Bought 3 fruits for 63 gold pieces
  7576 | D:8      | Bought a meat ration for 70 gold pieces
  7576 | D:8      | Bought 4 fruits for 84 gold pieces
  8111 | D:9      | Found a shimmering altar of Xom.
  8114 | D:9      | Found a hazy altar of Hepliaklqana.
  8117 | D:9      | Found a blossoming altar of Fedhas.
  8182 | D:9      | Reached skill level 5 in Transmutations
  8492 | D:9      | Noticed a centaur warrior
  8510 | D:9      | Killed a centaur warrior
  9379 | D:10     | Entered Level 10 of the Dungeon
  9427 | D:10     | Reached skill level 1 in Conjurations
  9697 | D:10     | Noticed Snorg
  9707 | D:10     | HP: 3/92 [Snorg (23)]
  9708 | D:10     | Demolished by Snorg

Skill      XL: |  1  2  3  4  5  6  7  8  9 10 |
---------------+-------------------------------+-----
Shields        | 1 2 3 4 5 6 7 |  7.2
Fighting       | 6 7 8 9 |  9.7
Axes           | 3 4 5 6 7 |  7.5
Dodging        | 1 2 3 4 5 6 |  6.0
Spellcasting   | 2 |  2.0
Transmutations | 3 4 5 |  5.4
Invocations    | 3 4 |  4.8
Evocations     | 3 4 |  4.8
Conjurations   | 1 |  1.1
Staves         | |  1.0
Throwing       | |  1.0
Stealth        | |  1.0

Action                   |  1- 3 |  4- 6 |  7- 9 | 10-12 || total
-------------------------+-------+-------+-------+-------++-------
Melee: Hand axe          |   101 |   228 |   457 |   326 ||  1112
       Tailslap          |     1 |    21 |    66 |    36 ||   124
       Kick              |       |       |     3 |       ||     3
 Cast: Beastly Appendage |       |       |     1 |       ||     1
 Abil: Breathe Steam     |       |       |     9 |    11 ||    20
Evoke: Wand              |       |       |       |     3 ||     3
  Use: Potion            |     1 |     4 |     3 |     7 ||    15
       Scroll            |       |    10 |     8 |     5 ||    23
 Stab: Sleeping          |     1 |     2 |       |       ||     3
  Eat: Chunk             |     1 |     7 |    14 |    10 ||    32
Armor: Skin              |    35 |    81 |    96 |    87 ||   299
Dodge: Dodged            |    42 |    90 |   143 |   146 ||   421
Block: Shield            |    43 |   148 |   224 |   217 ||   632
